[ AOE2 MATCH · #507861826 ]
UnrankedHuns vs Malay
Player's team · WIN
Rival team · LOSS
[ REPLAY ANALYSIS · EXTRACTED FROM THE RECORDED GAME ]
Feudal
10:12
Castle
—
Imperial
—
| APM avg | 74.6 |
| APM peak | 111 |
| eAPM avg | 27.4 |
| Villagers / military | 32 / 29 |
Focus
⚔️ 36.7% · 🌾 63.3%
Archer ×22 · Skirmisher ×4 · Militia ×3
Feudal
9:19
Castle
—
Imperial
—
| APM avg | 87.9 |
| APM peak | 114 |
| eAPM avg | 33.6 |
| Villagers / military | 42 / 14 |
Focus
⚔️ 22.5% · 🌾 77.5%
Skirmisher ×9 · Archer ×3 · Militia ×2
Match map
Initial resources + every placement click. Lines = walls · curves = elevation contours. ◆ gold · ⬟ stone · ● berries · ✦ relic · ◌ wall gap
Your base· Open — unwalled flank
Rayner's base· Open — unwalled flank
Smoothed initial terrain · ◌ = detected wall gap · hover for details
Inputs per minute
— Pedro - - Rayner
Build order — Pedro
105 actions detected in the replay
| 0:00 | Queue | Villager (Male) |
| 0:00 | Queue | Villager (Male) |
| 0:19 | Queue | Villager (Male) |
| 0:29 | Queue | Villager (Male) |
| 1:19 | Queue | Villager (Male) |
| 1:19 | Queue | Villager (Male) |
| 1:54 | Queue | Villager (Male) |
| 2:04 | Build | Lumber Camp |
| 2:07 | Queue | Villager (Male) |
| 2:40 | Queue | Villager (Male) |
| 2:56 | Queue | Villager (Male) |
| 3:34 | Queue | Villager (Male) |
| 4:03 | Queue | Villager (Male) |
| 4:23 | Queue | Villager (Male) |
| 4:46 | Build | Barracks |
| 4:54 | Queue | Villager (Male) |
| 5:14 | Queue | Villager (Male) |
| 5:27 | Queue | Villager (Male) |
| 5:51 | Queue | Militia |
| 5:52 | Queue | Militia |
| 6:18 | Build | Mill |
| 6:26 | Queue | Militia |
| 6:36 | Queue | Villager (Male) |
| 6:46 | Queue | Villager (Male) |
| 6:51 | Queue | Villager (Male) |
| 7:09 | Research | Loom |
| 8:02 | Research | Feudal Age |
| 8:02 | Research | Feudal Age |
| 8:03 | Research | Feudal Age |
| 8:29 | Build | Palisade Wall |
| 8:31 | Build | Palisade Wall |
| 8:35 | Build | Palisade Wall |
| 8:36 | Build | Palisade Wall |
| 8:37 | Build | Palisade Wall |
| 8:38 | Build | Palisade Wall |
| 8:58 | Build | Palisade Wall |
| 9:01 | Build | Palisade Wall |
| 9:03 | Build | Palisade Wall |
| 9:04 | Queue | Villager (Male) |
| 9:09 | Build | Lumber Camp |
| 9:16 | Build | Mining Camp |
| 9:26 | Queue | Villager (Male) |
| 9:49 | Queue | Villager (Male) |
| 10:12 | Age | Feudal Age |
| 10:25 | Build | Archery Range |
| 10:28 | Queue | Villager (Male) |
| 10:52 | Build | Palisade Wall |
| 10:56 | Build | Palisade Wall |
| 10:58 | Build | Palisade Wall |
| 11:00 | Build | Palisade Wall |
| 11:05 | Build | Archery Range |
| 11:37 | Build | Palisade Wall |
| 11:41 | Queue | Archer |
| 11:42 | Queue | Archer |
| 11:52 | Queue | Skirmisher |
| 11:52 | Queue | Skirmisher |
| 11:55 | Build | Blacksmith |
| 12:12 | Queue | Archer |
| 12:15 | Build | Farm |
| 12:47 | Queue | Archer |
| 12:48 | Build | Farm |
| 12:49 | Build | Farm |
| 13:25 | Queue | Archer |
| 13:25 | Queue | Archer |
| 13:25 | Queue | Villager (Male) |
| 13:27 | Build | Farm |
| 13:50 | Queue | Archer |
| 13:50 | Queue | Archer |
| 13:57 | Build | Watch Tower |
| 13:57 | Queue | Villager (Male) |
| 13:59 | Build | Farm |
| 14:11 | Queue | Archer |
| 14:11 | Queue | Archer |
| 14:11 | Queue | Archer |
| 14:20 | Queue | Villager (Male) |
| 14:26 | Build | Farm |
| 14:29 | Queue | Archer |
| 14:29 | Queue | Archer |
| 14:44 | Queue | Villager (Male) |
| 14:47 | Research | Fletching |
| 14:48 | Research | Fletching |
| 15:01 | Queue | Archer |
| 15:01 | Queue | Archer |
| 15:08 | Queue | Villager (Male) |
| 15:11 | Build | Palisade Wall |
| 15:12 | Build | Palisade Wall |
| 15:12 | Build | Palisade Wall |
| 15:13 | Build | Palisade Wall |
| 15:14 | Build | Palisade Wall |
| 15:14 | Build | Palisade Wall |
| 15:20 | Queue | Archer |
| 15:30 | Research | Double-Bit Axe |
| 15:30 | Research | Double-Bit Axe |
| 15:35 | Queue | Skirmisher |
| 15:36 | Queue | Skirmisher |
| 15:47 | Queue | Archer |
| 15:47 | Queue | Archer |
| 15:48 | Queue | Villager (Male) |
| 16:00 | Queue | Archer |
| 16:00 | Queue | Archer |
| 16:32 | Queue | Villager (Male) |
| 16:47 | Queue | Archer |
| 16:47 | Queue | Archer |
| 16:50 | Queue | Villager (Male) |
| 17:05 | Queue | Villager (Male) |
Build order — Rayner
101 actions detected in the replay
| 0:02 | Build | House |
| 0:02 | Queue | Villager (Male) |
| 0:02 | Queue | Villager (Male) |
| 0:03 | Build | House |
| 0:04 | Queue | Villager (Male) |
| 0:09 | Queue | Villager (Male) |
| 0:09 | Queue | Villager (Male) |
| 1:21 | Queue | Villager (Male) |
| 1:21 | Queue | Villager (Male) |
| 2:03 | Build | Lumber Camp |
| 2:07 | Queue | Villager (Male) |
| 2:08 | Queue | Villager (Male) |
| 2:09 | Queue | Villager (Male) |
| 2:35 | Queue | Villager (Male) |
| 3:03 | Queue | Villager (Male) |
| 3:40 | Queue | Villager (Male) |
| 3:53 | Build | House |
| 3:56 | Queue | Villager (Male) |
| 4:25 | Build | House |
| 4:30 | Queue | Villager (Male) |
| 4:43 | Queue | Villager (Male) |
| 5:03 | Build | Barracks |
| 5:18 | Queue | Villager (Male) |
| 5:23 | Queue | Villager (Male) |
| 5:36 | Queue | Villager (Male) |
| 6:00 | Queue | Militia |
| 6:02 | Queue | Militia |
| 6:18 | Queue | Villager (Male) |
| 6:29 | Build | Mill |
| 6:43 | Queue | Villager (Male) |
| 6:44 | Research | Loom |
| 7:19 | Build | Palisade Wall |
| 7:56 | Build | House |
| 8:00 | Build | Palisade Wall |
| 8:01 | Research | Feudal Age |
| 8:28 | Build | Mining Camp |
| 8:40 | Build | Palisade Wall |
| 8:52 | Queue | Villager (Male) |
| 8:55 | Build | Palisade Wall |
| 8:56 | Build | Palisade Wall |
| 9:19 | Build | House |
| 9:19 | Age | Feudal Age |
| 9:27 | Queue | Villager (Male) |
| 9:46 | Build | House |
| 9:48 | Build | Palisade Wall |
| 9:49 | Queue | Villager (Male) |
| 9:51 | Build | Palisade Wall |
| 10:00 | Queue | Villager (Male) |
| 10:02 | Queue | Villager (Male) |
| 10:03 | Queue | Villager (Male) |
| 10:28 | Build | House |
| 10:31 | Build | Palisade Wall |
| 10:33 | Build | Palisade Wall |
| 10:37 | Build | Palisade Wall |
| 10:48 | Build | Archery Range |
| 11:39 | Build | Palisade Wall |
| 11:41 | Build | Palisade Wall |
| 11:44 | Build | Palisade Wall |
| 11:48 | Queue | Archer |
| 11:52 | Queue | Villager (Male) |
| 12:00 | Queue | Skirmisher |
| 12:03 | Queue | Villager (Male) |
| 12:05 | Build | House |
| 12:11 | Build | Farm |
| 12:12 | Build | Farm |
| 12:24 | Queue | Archer |
| 12:40 | Queue | Villager (Male) |
| 12:46 | Build | Farm |
| 12:47 | Queue | Archer |
| 12:56 | Queue | Skirmisher |
| 13:14 | Build | Farm |
| 13:14 | Queue | Villager (Male) |
| 13:28 | Queue | Villager (Male) |
| 13:29 | Queue | Skirmisher |
| 13:30 | Build | Farm |
| 14:03 | Queue | Villager (Male) |
| 14:09 | Build | Blacksmith |
| 14:14 | Queue | Villager (Male) |
| 14:20 | Queue | Skirmisher |
| 14:21 | Queue | Villager (Male) |
| 14:41 | Build | Farm |
| 14:48 | Queue | Skirmisher |
| 15:03 | Build | House |
| 15:04 | Queue | Villager (Male) |
| 15:09 | Build | Palisade Wall |
| 15:13 | Research | Padded Archer Armor |
| 15:18 | Research | Double-Bit Axe |
| 15:18 | Research | Double-Bit Axe |
| 15:49 | Queue | Villager (Male) |
| 16:08 | Queue | Skirmisher |
| 16:18 | Queue | Villager (Male) |
| 16:22 | Queue | Villager (Male) |
| 16:40 | Build | Lumber Camp |
| 16:50 | Queue | Skirmisher |
| 17:03 | Queue | Skirmisher |
| 17:16 | Queue | Villager (Male) |
| 17:16 | Queue | Villager (Male) |
| 17:37 | Build | House |
| 17:39 | Build | Palisade Wall |
| 17:45 | Queue | Skirmisher |
| 17:52 | Queue | Villager (Male) |
Match timeline
| 4:46 | Pedro · first_building Barracks |
| 5:03 | Rayner · first_building Barracks |
| 7:19 | Rayner · wall_segment Palisade Wall x3 |
| 8:00 | Rayner · wall_segment Palisade Wall x1 |
| 8:29 | Pedro · wall_segment Palisade Wall x1 |
| 8:31 | Pedro · wall_segment Palisade Wall x1 |
| 8:35 | Pedro · wall_segment Palisade Wall x1 |
| 8:36 | Pedro · wall_segment Palisade Wall x1 |
| 8:37 | Pedro · wall_segment Palisade Wall x1 |
| 8:38 | Pedro · wall_segment Palisade Wall x1 |
| 8:40 | Rayner · wall_segment Palisade Wall x4 |
| 8:55 | Rayner · wall_segment Palisade Wall x1 |
| 8:56 | Rayner · wall_segment Palisade Wall x1 |
| 8:58 | Pedro · wall_segment Palisade Wall x1 |
| 9:01 | Pedro · wall_segment Palisade Wall x1 |
| 9:03 | Pedro · wall_segment Palisade Wall x1 |
| 9:19 | Rayner · age_up feudal |
| 9:48 | Rayner · wall_segment Palisade Wall x1 |
| 9:51 | Rayner · wall_segment Palisade Wall x1 |
| 10:12 | Pedro · age_up feudal |
| 10:25 | Pedro · first_building Archery Range |
| 10:31 | Rayner · wall_segment Palisade Wall x1 |
| 10:33 | Rayner · wall_segment Palisade Wall x1 |
| 10:37 | Rayner · wall_segment Palisade Wall x1 |
| 10:48 | Rayner · first_building Archery Range |
| 10:52 | Pedro · wall_segment Palisade Wall x1 |
| 10:56 | Pedro · wall_segment Palisade Wall x1 |
| 10:58 | Pedro · wall_segment Palisade Wall x1 |
| 11:00 | Pedro · wall_segment Palisade Wall x1 |
| 11:37 | Pedro · wall_segment Palisade Wall x1 |
| 11:39 | Rayner · wall_segment Palisade Wall x1 |
| 11:41 | Rayner · wall_segment Palisade Wall x1 |
| 11:44 | Rayner · wall_segment Palisade Wall x1 |
| 15:09 | Rayner · wall_segment Palisade Wall x6 |
| 15:11 | Pedro · wall_segment Palisade Wall x1 |
| 15:12 | Pedro · wall_segment Palisade Wall x1 |
| 15:12 | Pedro · wall_segment Palisade Wall x1 |
| 15:13 | Pedro · wall_segment Palisade Wall x2 |
| 15:14 | Pedro · wall_segment Palisade Wall x1 |
| 15:14 | Pedro · wall_segment Palisade Wall x1 |
| 17:39 | Rayner · wall_segment Palisade Wall x4 |
| 18:00 | Rayner · resign |
[ AI ANALYSIS · 1 CREDIT ]
What really happened in this match?
Wolo.gg analyzes every decision: build order, eco, micro, common mistakes by bracket. Personalized analysis on WhatsApp or Discord in 30 seconds.
Civ guide
Huns
Perfil
Pedro